Map: Interloper LE

Players

Juxtapose - Winner!

  • Race: Protoss Protoss
  • League: Gold
  • Spawn Location: 11:00

Undefined

  • Race: Zerg Zerg
  • League: Gold
  • Spawn Location: 5:00

VOD

https://youtu.be/ZlAeuy3Vl8s

Description

I started the match off sluggish and expanded later than I normally do, which interestingly seemed to work in my favour and confused my opponent!

Otherwise, the match went well and that Stasis Ward I placed really helped out.

Time

  • Played on: Sept. 25, 2017, 9:11 p.m.
  • Length: 9:16
Show
View Real Time Build Order
Export as new Build Order

Juxtapose Protoss - Winner!

Build Orders: Oracle Opening 

Get SALT Encoding   

  12  0:01  Probe (Chrono Boost)  
  13  0:12  Probe (Chrono Boost)  
  14  0:20  Pylon  
  14  0:23  Probe (Chrono Boost)  
  15  0:38  Probe (Chrono Boost)  
  15  0:39  Gateway  
  16  0:51  Probe (Chrono Boost)  
  17  1:01  Probe (Chrono Boost)  
  18  1:12  Assimilator, Probe (Chrono Boost)  
  18  1:15  Pylon  
  19  1:28  Cybernetics Core  
  19  1:30  Probe (Chrono Boost)  
  19  1:32  Assimilator  
  20  1:33  Zealot  
  21  1:44  Probe (Chrono Boost)  
  22  1:53  Pylon  
  22  1:58  Probe (Chrono Boost)  
  23  2:07  Warp Gate  
  23  2:09  Probe (Chrono Boost)  
  24  2:20  Pylon  
  24  2:26  Sentry  
  26  2:38  Probe (Chrono Boost)  
  27  2:54  Stalker  
  29  3:01  Stargate  
  29  3:19  Mothership Core (Chrono Boost)  
  30  3:30  Zealot  
  32  3:44  Probe (Chrono Boost)  
  32  3:46  Oracle (Chrono Boost)  
  36  4:02  Nexus  
  36  4:05  Pylon  
  36  4:09  Pylon  
  36  4:13  Pylon  
  36  4:16  Gateway  
  36  4:17  Gateway  
  36  4:28  Probe  
  37  4:40  Probe  
  38  4:57  Probe  
  39  5:06  Robotics Facility  
  39  5:09  Twilight Council, Probe  
  39  5:11  Forge  
  39  5:27  Probe  
  40  5:38  Probe  
  41  5:44  Probe  
  41  5:48  Probe  
  42  5:50  Zealot x3  
  42  5:53  Charge (Chrono Boost)  
  42  5:55  Observer  
  42  5:56  Probe  
  51  5:59  Probe  
  52  6:13  Probe  
  52  6:14  Probe  
  52  6:17  Assimilator  
  54  6:21  Assimilator, Sentry x2  
  56  6:30  Immortal  
  60  6:35  Probe  
  60  6:36  Protoss Ground Weapons Level 1  
  60  6:39  Probe  
  62  6:42  Stalker  
  62  6:46  Probe  
  64  6:51  Probe  
  66  6:56  Stalker x2  
  70  7:09  Immortal  
  74  7:18  Gateway  
  74  7:20  Pylon  
  74  7:22  Probe  
  74  7:24  Zealot  
  74  7:25  Zealot x2  
  74  7:28  Pylon  
  81  7:31  Pylon  
  79  7:49  Immortal  
  83  8:01  Probe  
  84  8:11  Probe  
  85  8:28  Warp Prism  
  86  8:51  Stalker x2  
  86  8:52  Stalker  
Show
View Real Time Build Order
Export as new Build Order

Undefined Zerg 

Build Orders: Hatch First 

Get SALT Encoding   

  12  0:03  Drone  
  13  0:10  Drone  
  14  0:18  Overlord  
  14  0:20  Extractor  
  13  0:25  Drone  
  15  0:36  Drone x2  
  17  1:00  Drone x2  
  17  1:04  Hatchery  
  18  1:20  Spawning Pool  
  18  1:21  Extractor  
  16  1:26  Drone x2  
  18  1:43  Drone x2  
  20  1:52  Drone  
  21  2:06  Drone  
  22  2:12  Overlord  
  22  2:15  Queen  
  24  2:27  Hatchery  
  24  2:28  Zergling x2  
  24  2:31  Zergling x2  
  25  2:37  Drone  
  25  2:43  Metabolic Boost  
  26  2:46  Zergling x2  
  27  2:54  Drone x3  
  30  3:06  Queen  
  30  3:10  Drone x2  
  34  3:20  Spore Crawler x2  
  34  3:24  Drone x2  
  34  3:40  Zergling x2  
  34  3:41  Roach Warren  
  35  3:42  Overlord x3  
  35  3:48  Spine Crawler  
  34  3:51  Spore Crawler  
  33  3:59  Evolution Chamber  
  32  4:09  Drone x2  
  34  4:10  Drone x2  
  34  4:11  Zergling x2  
  34  4:12  Zergling x2  
  38  4:21  Spine Crawler  
  37  4:26  Roach x3  
  37  4:27  Roach  
  45  4:32  Extractor  
  45  4:33  Zerg Missile Weapons Level 1  
  42  5:02  Ravager x3  
  42  5:06  Drone  
  42  5:07  Drone x6  
  52  5:22  Spore Crawler  
  49  5:37  Drone  
  49  5:38  Drone x6  
  56  5:47  Lair  
  56  5:51  Extractor  
  56  5:53  Ravager  
  56  6:31  Drone x4  
  60  6:40  Overlord x5  
  60  6:54  Infestation Pit, Zerg Missile Weapons Level 2  
  59  6:56  Hydralisk Den  
  59  6:57  Roach  
  59  6:59  Overlord x2  
  54  7:13  Overseer x2  
  51  7:20  Hatchery  
  50  7:27  Hydralisk x2  
  54  7:37  Extractor  
  53  7:49  Drone x6  
  59  7:52  Ravager  
  60  8:01  Queen  
  62  8:11  Hydralisk x4  
  70  8:16  Queen  
  66  8:28  Hatchery  
  66  8:29  Roach x4  
  66  8:39  Roach x2  
  69  8:46  Zergling x4  
  71  8:53  Roach x3  
Tags
 
Add a new tag
Caveats
  • Supply blocks, unpowered buildings, or Contaminate may cause inaccurate times.
  • Supply counts are checked every 10 seconds.